Map: Galactic Process LE

Players

TomTom - Winner!

  • Race: Zerg Zerg
  • League: Gold
  • Spawn Location: 1:00

Fropez

  • Race: Protoss Protoss
  • League: Gold
  • Spawn Location: 7:00

VOD

Have the link to the VOD?

Description

Time

  • Played on: Aug. 17, 2016, 3:08 p.m.
  • Length: 3:01
Show
View Real Time Build Order
Export as new Build Order

TomTom Zerg - Winner!

Build Orders: Hatch First 

Get SALT Encoding   

  12  0:04  Drone  
  13  0:33  Hatchery  
  12  0:36  Drone  
  13  0:49  Drone  
  14  0:54  Extractor  
  14  0:55  Drone  
  15  1:07  Spawning Pool  
  14  1:17  Overlord  
  14  1:28  Extractor  
  13  1:36  Drone  
  13  1:37  Drone x2  
  16  1:43  Extractor  
  15  1:59  Zergling x4  
  18  2:01  Zergling x2  
  18  2:02  Zergling x2  
  20  2:12  Roach Warren  
  20  2:15  Extractor, Drone  
  19  2:33  Drone x3  
  22  2:37  Drone x2  
Show
View Real Time Build Order
Export as new Build Order

Fropez Protoss 

Build Orders:  

Get SALT Encoding   

  12  0:08  Pylon  
  12  0:17  Probe (Chrono Boost)  
  13  0:37  Gateway  
  13  0:42  Probe (Chrono Boost)  
  14  0:53  Probe (Chrono Boost)  
  15  1:01  Pylon  
  15  1:03  Probe (Chrono Boost)  
  16  1:20  Gateway  
  16  1:23  Probe (Chrono Boost)  
  17  1:29  Cybernetics Core  
  17  1:51  Nexus  
  17  2:06  Pylon  
  17  2:13  Zealot  
  19  2:17  Probe (Chrono Boost)  
  20  2:26  Assimilator  
  19  2:31  Forge, Probe (Chrono Boost)  
  20  2:38  Assimilator  
  20  2:42  Probe (Chrono Boost)  
Tags
 
League
GoldGold
Matchup
PvZ
Replay Pack
All Mines
Spawn Locations
Cross Positions
Add a new tag
Caveats
  • Supply blocks, unpowered buildings, or Contaminate may cause inaccurate times.
  • Supply counts are checked every 10 seconds.